 Dungeon Crawl Stone Soup version 0.19.1-1-g22dce08 (console) character file.

25 Grinner the Conjurer (level 2, -1/22 HPs)
             Began as a Minotaur Conjurer on Jan 15, 2017.
             Slain by Sigmund
             ... wielding a +0 scythe
              (2 damage)
             ... on level 2 of the Dungeon.
             The game lasted 00:04:01 (1402 turns).

Grinner the Conjurer (Minotaur Conjurer)            Turns: 1402, Time: 00:04:02

Health: -1/22      AC:  2    Str: 12    XL:     2   Next: 82%
Magic:  2/3        EV: 12    Int: 12    God:
Gold:   13         SH:  0    Dex: 10    Spells: 2 memorised, 0 levels left

rFire  . . .     SeeInvis .     (no weapon)
rCold  . . .     Gourm    .     a - +0 robe
rNeg   . . .     Faith    .     (no shield)
rPois  .         Spirit   .     (helmet restricted)
rElec  .         Reflect  .     (no cloak)
rCorr  .         Harm     .     (no gloves)
MR     .....                    (no boots)
Stlth  +++.......               (no amulet)
                                (no ring)
                                j - ring of stealth

@: no status effects
A: retaliatory headbutt, horns 2
a: no special abilities


You were on level 2 of the Dungeon.
You were hungry.

You visited 1 branch of the dungeon, and saw 2 of its levels.

You collected 13 gold pieces.

Inventory:

Armour
 a - a +0 robe (worn)
Jewellery
 j - a ring of stealth (left hand)
Scrolls
 d - a scroll of enchant weapon {unknown}
 e - a scroll of identify {unknown}
 g - a scroll of magic mapping {unknown}
 h - a scroll of fear {unknown}
 i - a scroll of remove curse
Books
 b - a book of Conjurations

   Spells                             Type                      Level
   a - Magic Dart                     Conjuration                  1
   b - Searing Ray                    Conjuration                  2
   c - Dazzling Spray                 Conjuration/Hexes            3
   d - Fulminant Prism                Conjuration/Hexes            4
   e - Iskenderun's Mystic Blast      Conjuration                  4
   f - Iskenderun's Battlesphere      Conjuration/Charms           5
Comestibles
 c - 2 bread rations


   Skills:
 - Level 0.8 Fighting
 * Level 2.3 Dodging
 - Level 1.5 Stealth
 + Level 0.0 Unarmed Combat
 + Level 1.3 Spellcasting
 * Level 3.5 Conjurations


You couldn't memorise any spells.
You knew the following spells:

 Your Spells              Type           Power        Failure   Level  Hunger
x - Searing Ray           Conj           #.....       12%         2    ###....
z - Magic Dart            Conj           #...         10%         1    ##.....


Dungeon Overview and Level Annotations

Branches:
Dungeon (2/15)

Altars:

Annotations:
D:2 Sigmund


Innate Abilities, Weirdness & Mutations

You reflexively headbutt those who attack you in melee.
You have a pair of horns on your head.


Message History

Sigmund closely misses you.
You hit Sigmund but do no damage.
Sigmund is lightly wounded.
You hit Sigmund.
Sigmund is lightly wounded.
Sigmund misses you.
You hit Sigmund.
Sigmund is moderately wounded.
Sigmund hits you with a scythe!
* * * LOW HITPOINT WARNING * * *
You miss Sigmund.
Sigmund is moderately wounded.
You feel less confused.
You hit Sigmund but do no damage.
Sigmund is moderately wounded.
Sigmund closely misses you.
You hit Sigmund but do no damage.
Sigmund is moderately wounded.
Sigmund hits you with a scythe.
You die...

#.#..#.<#.#
#.#..##.#.# [..
#.#..##.#.# ...
#.#..##.#.# .?>.
#.#..##.#.# .....
.#.#..##.#.#
.....####.#.#..##.#.#
........@.#.#..##.#.#
.......@# #.#..##.#.#
#######.# #.#..##.#.#
#.###.#..##.#.#
#.....#.....#.#
####..##.####.#
#..#..##.# #.#
#.....##.# #.#
##.##.##.# #.#
#.##.##.# #.#


You could see Sigmund.

Vanquished Creatures
  A dart slug (D:1)
  3 goblins (D:1)
  5 hobgoblins (D:1)
  2 jackals (D:2)
  A bat (D:1)
  A frilled lizard (D:1)
  5 kobolds (D:1)
  3 rats (D:1)
21 creatures vanquished.

Notes
Turn   | Place    | Note
-------+----------+-------------------------------------------
     0 | D:1      | Grinner the Minotaur Conjurer began the quest for the Orb.
     0 | D:1      | Reached XP level 1. HP: 14/14 MP: 1/1
    41 | D:1      | Reached skill level 3 in Conjurations
   394 | D:1      | Reached XP level 2. HP: 2/22 MP: 3/3
  1164 | D:1      | Learned a level 2 spell: Searing Ray
  1387 | D:2      | Noticed Sigmund
  1399 | D:2      | HP: 1/22 [Sigmund/scythe (10)]
  1402 | D:2      | Slain by Sigmund

Skill      XL: |  1 |
---------------+----+-----
Conjurations   | 3 |  3.5
Fighting       | |  0.8
Dodging        | |  2.3
Stealth        | |  1.5
Spellcasting   | |  1.3

Action                   || total
-------------------------++-------
Melee: Unarmed           ||    83
       Headbutt          ||    11
 Cast: Magic Dart        ||     4
       Searing Ray       ||     1
  Use: Scroll            ||     1
       Potion            ||     1
 Stab: Sleeping          ||     2
  Eat: Chunk             ||     1
Armor: Robe              ||    11
Dodge: Dodged            ||    51
